 Dungeon Crawl Stone Soup version 0.17-a0-1701-gf693a3f (webtiles) character file.

65 kae the Insei (level 3, -4/28 HPs)
             Began as a Draconian Transmuter on Aug 21, 2015.
             Slain by Grinder (6 damage)
             ... on level 3 of the Dungeon.
             The game lasted 00:01:17 (2024 turns).

kae the Insei (Draconian Transmuter)                Turns: 2024, Time: 00:01:18

Health: -4/28      AC:  5    Str: 12    XL:     3   Next: 92%
Magic:  6/6        EV: 12    Int: 13    God:
Gold:   107        SH:  0    Dex: 12    Spells: 1 memorised, 5 levels left

rFire  . . .     SeeInvis .       - Unarmed
rCold  . . .     Clarity  .     (armour unavailable)
rNeg   . . .     SustAt   .     (no shield)
rPois  .         Gourm    .     (helmet restricted)
rElec  .         Spirit   .     (no cloak)
rCorr  .         Warding  .     (no gloves)
rMut   .         Stasis   .     (boots currently unavailable)
MR     .....                    (no amulet)
Stlth  +.........               (no ring)
                                (no ring)

@: appendage (expiring), not resistant to hostile enchantments, very unstealthy
A: unfitting armour, talons 3, cold-blooded, AC +5
a: End Transformation


You were on level 3 of the Dungeon.
You were not hungry.
You had grown temporary talons.
You visited 1 branch of the dungeon, and saw 3 of its levels.

You collected 107 gold pieces.

Inventory:

Missiles
 a - 32 arrows
Jewellery
 g - a +6 ring of protection {unknown}
 i - an uncursed ring of see invisible {unknown}
Scrolls
 d - 5 scrolls of identify {unknown}
 k - a scroll of magic mapping {unknown}
 l - a scroll of immolation {unknown}
 p - a scroll of enchant armour {unknown}
 q - 2 scrolls of fear {unknown}
 s - a scroll of remove curse {unknown}
Potions
 e - 3 potions of mutation {unknown}
 f - a potion of curing {unknown}
 h - a potion of resistance {unknown}
 j - a potion of ambrosia {unknown}
 m - 3 potions of heal wounds {unknown}
 n - a potion of magic {unknown}
 o - a potion of poison {unknown}
 r - a potion of haste
 u - a potion of might {unknown}
Books
 b - a book of Changes

   Spells                             Type                      Level
   a - Beastly Appendage              Transmutation                1
   b - Sticks to Snakes               Transmutation                2
   c - Spider Form                    Transmutation/Poison         3
   d - Ice Form                       Ice/Transmutation            4
   e - Blade Hands                    Transmutation                5
Comestibles
 c - 3 bread rations


   Skills:
 - Level 1.1 Fighting
 - Level 1.7 Dodging
 + Level 4.8 Unarmed Combat
 - Level 2.0 Spellcasting
 - Level 2.0 Transmutations


You had 5 spell levels left.
You knew the following spells:

 Your Spells              Type           Power        Failure   Level  Hunger
a - Beastly Appendage     Trmt           #.....       12%         1    ##.....


Dungeon Overview and Level Annotations

Branches:
Dungeon (3/15)

Altars:
Makhleb
Nemelex Xobeh

Annotations:
D:3 Grinder


Innate Abilities, Weirdness & Mutations

Your plain brown scales are hard (AC +5).
Your body does not fit into most forms of armour.
You are cold-blooded and may be slowed by cold attacks.
You have claws for feet.


Message History

Found a beef jerky.
Found a stone staircase leading up.
You closely miss the giant newt.
Your tail-slap misses the giant newt.
The giant newt completely misses you. Grinder gestures at you.
Pain shoots through your body!
You barely miss the giant newt.
Your tail-slap misses the giant newt.
The giant newt bites you but does no damage.
You closely miss the giant newt. Grinder gestures at you.
You resist with significant effort. The giant newt barely misses you.
You hit the giant newt.
You kill the giant newt!
You closely miss Grinder.
Your tail-slap misses Grinder.
Grinder hits you.
You writhe in agony.
You barely miss Grinder. You tail-slap Grinder.
Grinder is lightly wounded.
Grinder hits you!
* * * LOW HITPOINT WARNING * * *
You writhe in agony.
You die...

##.# # #... .#
######..######.####
...................
#####..#..........
#..#..........
#.<#..........
#..#%.5.......
#..#..@.......
#..#..........
#..#...†.....%
#..#..........
#..#..........
#..#..........
...........
##..........
#<#........


You could see Grinder.

Vanquished Creatures
  3 adders (D:2)
  A worm (D:2)
  2 giant cockroaches (D:2)
  7 hobgoblins
  6 kobolds
  A quokka (D:2)
  3 bats (D:1)
  A giant gecko (D:2)
  4 giant newts
  5 goblins
  6 rats
39 creatures vanquished.

Notes
Turn   | Place    | Note
--------------------------------------------------------------
     0 | D:1      | kae the Draconian Transmuter began the quest for the Orb.
     0 | D:1      | Reached XP level 1. HP: 16/16 MP: 3/3
   212 | D:1      | Reached XP level 2. HP: 23/23 MP: 5/5
   533 | D:1      | Found a sparkling altar of Nemelex Xobeh.
   968 | D:2      | Reached skill level 4 in Unarmed Combat
  1169 | D:2      | Reached XP level 3. HP: 28/28 MP: 6/6
  1969 | D:2      | Found a burning altar of Makhleb.
  2016 | D:3      | Noticed Grinder
  2024 | D:3      | Slain by Grinder

Vault maps used:
D:1:      saegor_arrival_simple_f, minivault_5, nemelex_diamond_rough_becter
D:2:      nicolae_overflow_hidden_temple, first_bread
D:3:      ecumenical_altar_1, uniq_grinder, uniq_crazy_yiuf_cottage

Action                   || total
-------------------------++-------
Melee: Unarmed           ||   121
 Cast: Beastly Appendage ||     5
 Stab: Sleeping          ||     3
  Eat: Chunk             ||     4
